 Dungeon Crawl Stone Soup version 0.22-a0-298-g92d99f3 (webtiles) character file.

14923 b5mith the Fighter (level 11, -5/104 HPs)
             Began as a Minotaur Berserker on Mar 25, 2018.
             Was a High Priest of Trog.
             Slain by a ten-headed hydra (10 damage)
             ... on level 12 of the Dungeon.
             The game lasted 00:29:28 (12449 turns).

b5mith the Fighter (Minotaur Berserker)            Turns: 12449, Time: 00:29:28

Health: -5/104     AC: 16    Str: 25    XL:     11   Next: 95%
Magic:  0/10       EV: 13    Int:  4    God:    Trog [*****.]
Gold:   670        SH:  0    Dex: 10    Spells: 10/10 levels left

rFire    + . .     SeeInvis .   a - +1 falchion
rCold    . . .     Gourm    .   (no shield)
rNeg     . . .     Faith    .   l - +0 chain mail
rPois    .         Spirit   +   V - +1 hat
rElec    .         Reflect  .   W - scarf {Spirit}
rCorr    .         Harm     .   D - +0 pair of gloves
MR       .....                  g - +0 pair of boots (curse)
Stlth    ..........             (no amulet)
HPRegen  0.27/turn              P - ring of stealth
MPRegen  0.12/turn              z - ring of protection from fire

@: berserk cooldown, slowed, very slow
A: retaliatory headbutt, horns 2
a: Berserk, Trog's Hand, Brothers in Arms, Renounce Religion


You were on level 12 of the Dungeon.
You worshipped Trog.
Trog was extremely pleased with you.
You were very hungry.

You visited 1 branch of the dungeon, and saw 12 of its levels.
You also visited: Sewer.

You collected 670 gold pieces.

Inventory:

Hand Weapons
 a - a +1 falchion (weapon)
 b - a +0 arbalest
 o - a +0 club
Missiles
 e - 246 stones (quivered)
 j - 80 sling bullets
 A - 44 bolts
 F - 7 steel javelins
 L - 5 tomahawks
Armour
 g - a cursed +0 pair of boots (worn)
 l - a +0 chain mail (worn)
 x - a +0 animal skin
 D - a +0 pair of gloves (worn)
 E - a +0 cloak
 V - a +1 hat (worn)
 W - a scarf of spirit shield (worn)
Jewellery
 v - an uncursed ring of fire
 z - a ring of protection from fire (right hand)
 O - an uncursed amulet of regeneration {unknown}
 P - a ring of stealth (left hand)
Wands
 t - a wand of iceblast (7)
 C - a wand of random effects (27)
 G - a wand of digging (18)
 J - a wand of polymorph (17)
 T - a wand of clouds (8)
Scrolls
 f - 13 scrolls of identify {unknown}
 m - 5 scrolls of teleportation {unknown}
 q - 5 scrolls of magic mapping {unknown}
 s - 4 scrolls of remove curse {unknown}
 u - 3 scrolls of blinking {unknown}
 w - a scroll of enchant weapon
 y - a scroll of amnesia {unknown}
 B - a scroll of noise {unknown}
 K - a scroll of fear {unknown}
 N - a scroll of holy word {unknown}
 R - a scroll of immolation {unknown}
 U - a scroll of fog {unknown}
Potions
 d - a potion of berserk rage {unknown}
 h - 5 potions of flight {unknown}
 i - 3 potions of cancellation {unknown}
 k - 2 potions of agility
 n - 2 potions of lignification {unknown}
 p - 3 potions of curing {unknown}
 r - a potion of heal wounds
 H - a potion of magic {unknown}
 I - a potion of ambrosia {unknown}
 M - a potion of might {unknown}
 Q - 2 potions of haste {unknown}
 S - 2 potions of brilliance {unknown}
Comestibles
 c - 15 rations
 X - a chunk of flesh


   Skills:
 + Level 12.0 Fighting
 + Level 12.0 Long Blades
 + Level 11.7 Armour
 + Level 10.9 Dodging


You had 10 spell levels left.
You didn't know any spells.

Dungeon Overview and Level Annotations

Branches:
Dungeon (12/15)            Temple (0/1) D:4            Lair (0/6) D:11
    Orc (0/2) D:10

Altars:
Cheibriados
Kikubaaqudgha
Wu Jian
Yredelemnul

Shops:
D:8 (


Innate Abilities, Weirdness & Mutations

You reflexively headbutt those who attack you in melee.
You have a pair of horns on your head.


Message History

The ten-headed hydra bites you!
* * * LOW HITPOINT WARNING * * *
The ten-headed hydra bites you but does no damage.
The ten-headed hydra bites you!
* * * LOW HITPOINT WARNING * * *
The ten-headed hydra bites you.
* * * LOW HITPOINT WARNING * * *
The ten-headed hydra bites you.
* * * LOW HITPOINT WARNING * * *
As you read the scroll labeled NAVOUXZERI, it crumbles to dust.
It is a scroll of enchant weapon.
Your +0 falchion glows red for a moment.
The ten-headed hydra barely misses you. You furiously retaliate!
You headbutt the ten-headed hydra.
The ten-headed hydra closely misses you.
The ten-headed hydra bites you but does no damage. x2
The ten-headed hydra bites you!
* * * LOW HITPOINT WARNING * * *
The ten-headed hydra bites you!
You die...

#......#...# #...(..#...##
#.....#....# #.....#....#
#.....'....# #.....#....#
#"....#....# #..###....
#.....#..D.# #.........
#.....#..@.# #.........
#.....#....# #.......(.
.#######....#+####.........
....................(......
########.................(.
#............((.....
#............<......
#...........).......
#....######)).######


You could see a ten-headed hydra.

Vanquished Creatures
  2 hydras
  2 two-headed ogres
  An ugly thing (D:11)
  The ghost of octopodefightclub the Ducker, a novice OpCK of Xom (D:5)
  2 cyclopes
  A manticore (D:11)
  A centaur zombie (D:11)
  A gargoyle (D:11)
  3 komodo dragons
  4 trolls
  A hornet (D:11)
  Prince Ribbit (D:6)
  The ghost of octopodefightclub the Skirmisher, an amateur OpCK of Xom (D:3)
  A hippogriff (D:11)
  Sigmund (D:6)
  4 hogs (D:7)
  4 yaks
  A human (D:7)
  A wyvern (D:12)
  A hungry ghost (D:8)
  Edmund (D:6)
  An acid dragon (D:11)
  A water moccasin (D:9)
  Duvessa (D:6)
  3 ice beasts
  A black bear (D:10)
  A necrophage (D:9)
  An orc warrior (D:10)
  8 ogres
  2 phantoms
  10 centaurs
  A crocodile (Sewer)
  A big kobold (D:8)
  3 bullfrogs
  Blork the orc (D:6)
  A wyvern zombie (D:11)
  A gnoll sergeant (D:8)
  Dowan (D:6)
  4 scorpions
  5 killer bees (D:11)
  3 wights (D:6)
  8 howler monkeys
  A crimson imp (D:9)
  A bullfrog zombie (D:11)
  2 hounds
  3 jellies
  10 orc wizards
  5 orc priests
  Crazy Yiuf (D:5)
  3 centaur skeletons
  2 bullfrog skeletons
  2 worker ants
  3 hound skeletons
  A worker ant zombie (D:5)
  11 gnolls
  11 adders
  A shadow imp (D:5)
  An ooze (D:3)
  2 adder zombies
  An adder skeleton (D:9)
  2 dart slugs (D:1)
  8 leopard geckos
  39 orcs
  6 giant cockroaches
  8 goblins
  10 hobgoblins
  12 jackals
  3 quokkas
  A ball python (D:5)
  13 bats
  4 frilled lizards
  10 kobolds
  A quokka skeleton (D:4)
  5 rats
  2 plants (D:11)
278 creatures vanquished.

Vanquished Creatures (others)
  2 plants (D:11)
2 creatures vanquished.

Grand Total: 280 creatures vanquished

Notes
Turn   | Place    | Note
-------+----------+-------------------------------------------
     0 | D:1      | b5mith the Minotaur Berserker began the quest for the Orb.
     0 | D:1      | Reached XP level 1. HP: 19/19 MP: 0/0
   247 | D:1      | Reached XP level 2. HP: 23/27 MP: 1/1
   616 | D:1      | Reached XP level 3. HP: 31/33 MP: 2/2
   824 | D:1      | Reached ** piety under Trog
  1107 | D:2      | Found an ancient bone altar of Kikubaaqudgha.
  1264 | D:2      | Found a basalt altar of Yredelemnul.
  1460 | D:3      | Reached XP level 4. HP: 40/41 MP: 3/3
  1626 | D:3      | Noticed octopodefightclub's ghost (amateur OpCK)
  1636 | D:3      | Killed octopodefightclub's ghost
  1636 | D:3      | Reached skill level 5 in Fighting
  1636 | D:3      | Reached skill level 5 in Long Blades
  1636 | D:3      | Reached XP level 5. HP: 41/48 MP: 4/4
  1636 | D:3      | Reached XP level 6. HP: 48/56 MP: 5/5
  1649 | D:3      | HP: 2/56 [orc priest/divine providence (12)]
  1726 | D:3      | Reached *** piety under Trog
  1747 | D:3      | Found a glowing drain.
  1758 | Sewer    | Entered a sewer
  2809 | D:4      | Reached skill level 5 in Armour
  2809 | D:4      | Reached XP level 7. HP: 59/62 MP: 6/6
  3338 | D:4      | Found a staircase to the Ecumenical Temple.
  3550 | D:5      | Entered Level 5 of the Dungeon
  3587 | D:5      | Reached **** piety under Trog
  3611 | D:5      | Reached skill level 5 in Dodging
  3752 | D:5      | Noticed octopodefightclub's ghost (novice OpCK)
  3770 | D:5      | Killed octopodefightclub's ghost
  3770 | D:5      | Reached XP level 8. HP: 42/73 MP: 7/7
  4120 | D:5      | Found a runed door.
  4394 | D:5      | Received a gift from Trog
  4528 | D:5      | Noticed Crazy Yiuf
  4534 | D:5      | Killed Crazy Yiuf
  4613 | D:6      | Noticed Duvessa
  4615 | D:6      | Noticed Dowan
  4625 | D:6      | Killed Duvessa
  4633 | D:6      | Killed Dowan
  4715 | D:6      | Noticed Prince Ribbit
  4789 | D:6      | Noticed Blork the orc
  4789 | D:6      | Noticed Sigmund
  4804 | D:6      | Killed Blork the orc
  4827 | D:6      | Killed Sigmund
  4827 | D:6      | Reached XP level 9. HP: 70/81 MP: 8/8
  4873 | D:6      | Killed Prince Ribbit
  4911 | D:6      | Noticed Edmund
  4923 | D:6      | Killed Edmund
  6670 | D:8      | Found Qozuptan's Weapon Shop.
  6806 | D:8      | Found a snail-covered altar of Cheibriados.
  6807 | D:8      | Found an ornate altar of the Wu Jian Council.
  7005 | D:8      | Reached XP level 10. HP: 91/91 MP: 9/9
  7536 | D:9      | Noticed a four-headed hydra
  7548 | D:9      | Killed a nine-headed hydra
  7548 | D:9      | Reached skill level 10 in Fighting
  7810 | D:9      | Reached skill level 10 in Long Blades
  7851 | D:9      | Noticed a two-headed ogre
  7861 | D:9      | Killed a two-headed ogre
  7892 | D:9      | Reached ***** piety under Trog
  8034 | D:9      | Reached skill level 10 in Armour
  8642 | D:10     | Entered Level 10 of the Dungeon
  8727 | D:10     | Found a staircase to the Orcish Mines.
  9309 | D:10     | Noticed a cyclops
  9321 | D:10     | Killed a cyclops
  9321 | D:10     | Reached XP level 11. HP: 82/101 MP: 10/10
 10247 | D:11     | Noticed a purple ugly thing
 10276 | D:11     | Killed a purple ugly thing
 10276 | D:11     | Reached skill level 10 in Dodging
 10755 | D:11     | Noticed a two-headed ogre
 10759 | D:11     | Killed a two-headed ogre
 10848 | D:11     | Found a staircase to the Lair.
 10862 | D:11     | Noticed a seven-headed hydra
 10875 | D:11     | Killed a 16-headed hydra
 12428 | D:12     | Noticed a five-headed hydra
 12449 | D:12     | HP: 5/104 [ten-headed hydra (7)]
 12449 | D:12     | Slain by a ten-headed hydra

Vault maps used:
D:1:      dpeg_arrival_pits
D:2:      yredelemnul_altar_generic, kiku_gazebo_pond_becter
D:3:      first_ration, portal_sewer_entry_f
D:4:      lemuel_temple_firewalk_b
D:5:      uniq_crazy_yiuf_cottage
D:6:      uniq_edmund, uniq_prince_ribbit1, uniq_blork_the_orc, uniq_sigmund,
          uniq_duvessa
D:7:      grunt_livestock, roderic_roman_lattice, minmay_misc_feat_square,
          dk_noncrumbling_4
D:8:      gammafunk_temple_overflow_statue, serial_shops, shop
D:10:     david_orc_2, minmay_diamond_spiral
D:11:     david_lair_shrubbed, solitary_fountain,
          hangedman_abyss_or_decor_clamps
Sewer:    sewer_big_baddie

Skill      XL: |  1  2  3  4  5  6  7  8  9 10 11 |
---------------+----------------------------------+-----
Fighting       | 4 5 7 8 9 10 12 | 12.0
Long Blades    | 4 5 6 8 9 10 12 | 12.0
Armour         | 3 4 5 6 7 9 10 11 | 11.7
Dodging        | 3 4 5 6 8 9 10 | 10.9

Action                   |  1- 3 |  4- 6 |  7- 9 | 10-12 || total
-------------------------+-------+-------+-------+-------++-------
Melee: Falchion          |   101 |    91 |   251 |   343 ||   786
       Headbutt          |    19 |    28 |    56 |    99 ||   202
 Fire: Arbalest          |       |       |    86 |   116 ||   202
Invok: Berserk           |       |     2 |     3 |     7 ||    12
  Use: Potion            |       |     1 |       |     1 ||     2
       Scroll            |       |       |       |     1 ||     1
  Eat: Chunk             |     2 |     6 |    13 |    19 ||    40
       Ration            |       |       |     1 |     2 ||     3
Armor: Animal skin       |    11 |       |       |       ||    11
       Chain mail        |    17 |    68 |   136 |   211 ||   432
Dodge: Dodged            |    56 |    42 |   113 |   301 ||   512
       Rpst.: Falchion   |    18 |    15 |    25 |    48 ||   106

Table legend:
 A = Spawn XP
 B = Non-spawn XP
 C = Spawn XP percentage of total XP
 D = Spawn monster count
 E = Non-spawn monster count
 F = Spawn count percentage of total count
 G = Total turns spent on level
                    A         B        C        D         E        F      G
               +---------+---------+-------+---------+---------+-------+---------
         Total |       0 |   21319 |   0.0 |       0 |     276 |   0.0 | 12449
               +---------+---------+-------+---------+---------+-------+---------
           D:1 |       0 |      60 |   0.0 |       0 |      31 |   0.0 |   910
           D:2 |       0 |      36 |   0.0 |       0 |      15 |   0.0 |   544
           D:3 |       0 |     477 |   0.0 |       0 |      36 |   0.0 |   796
           D:4 |       0 |     218 |   0.0 |       0 |      15 |   0.0 |   812
           D:5 |       0 |    1124 |   0.0 |       0 |      20 |   0.0 |  1043
           D:6 |       0 |    2033 |   0.0 |       0 |      29 |   0.0 |  1070
           D:7 |       0 |    1248 |   0.0 |       0 |      13 |   0.0 |   987
           D:8 |       0 |     608 |   0.0 |       0 |      12 |   0.0 |   727
           D:9 |       0 |    3519 |   0.0 |       0 |      23 |   0.0 |  1265
          D:10 |       0 |    2152 |   0.0 |       0 |      28 |   0.0 |  1359
          D:11 |       0 |    8433 |   0.0 |       0 |      38 |   0.0 |  2342
          D:12 |       0 |    1297 |   0.0 |       0 |      10 |   0.0 |   106
         Sewer |       0 |     114 |   0.0 |       0 |       6 |   0.0 |   488
               +---------+---------+-------+---------+---------+-------+---------
